[Event "Titled Tuesday Blitz August 22 Late 2023"]
[White "dodoucb"]
[Black "Dourerassou, Jonathan"]
[BlackFideId "628050"]
[WhiteElo "2464"]
[BlackElo "2681"]
[Result "0-1"]
[Round "5"]
[TimeControl "180+1"]
[Date "2023.08.22"]
[WhiteClock "0:00:00"]
[BlackClock "0:01:39"]
[Board "68"]

1. d4 d6 2. c4 g6 3. Nf3 Bg7 4. Nc3 Nf6 5. e4 O-O 6. Be2 Nbd7 7. O-O c5 8. Be3 cxd4 9. Nxd4 a6 10. f3 Nc5 11. Qd2 Bd7 12. Rae1 Rc8 13. Kh1 Ne6 14. b3 Re8 15. Bd1 Qa5 16. Nxe6 Bxe6 17. Nd5 Qxd2 18. Bxd2 b5 19. Be2 bxc4 20. Bxc4 Rc6 21. Rc1 Bxd5 22. exd5 Rc5 23. b4 Rcc8 24. Bxa6 Rxc1 25. Rxc1 Nxd5 26. Rc8 Kf8 27. b5 Bd4 28. a4 Rxc8 29. Bxc8 Nb6 30. Bb7 Nxa4 31. Bc6 Nb6 32. h4 e6 33. Bg5 f6 34. Bh6+ Ke7 35. g4 d5 36. Kg2 Nc4 37. Bg7 Be3 38. h5 gxh5 39. gxh5 h6 40. Bh8 Bg5 41. Kh3 Kf7 42. Bd7 Nb6 0-1


[Site "https://www.chess.com"]

[Event "Titled Tuesday Blitz August 22 Late 2023"]
[White "Cheng, Xiao"]
[Black "Di Berardino, Diego Rafael"]
[WhiteFideId "2022915"]
[BlackFideId "2105446"]
[WhiteElo "2461"]
[BlackElo "2633"]
[Result "0-1"]
[Round "5"]
[TimeControl "180+1"]
[Date "2023.08.22"]
[WhiteClock "0:00:12"]
[BlackClock "0:00:22"]
[Board "69"]

1. e4 c5 2. Nf3 b6 3. d4 cxd4 4. Nxd4 Bb7 5. Bd3 Nc6 6. Nb3 e6 7. O-O Nf6 8. Qe2 Nb4 9. e5 Nxd3 10. cxd3 Nd5 11. N1d2 Be7 12. Ne4 O-O 13. Kh1 f5 14. Nd6 Bxd6 15. exd6 f4 16. f3 Qf6 17. d4 a5 18. Qe5 Qh6 19. a4 Rf5 20. Qe2 Ba6 21. Qf2 Bxf1 22. Qxf1 Qf6 23. Qb5 Ra7 24. Bd2 Qf8 25. Rc1 Qxd6 26. Qd3 Rc7 27. Re1 Rf8 28. Nc1 Qc6 29. Qe2 Qxa4 30. Nd3 Rc2 31. Qd1 Qb3 32. Bc1 Rfc8 33. h3 a4 34. Bd2 Qxd3 35. Bxf4 Qxd1 36. Rxd1 Nxf4 37. d5 e5 38. d6 Rxg2 39. b3 Rcc2 40. bxa4 Rh2+ 41. Kg1 Rcg2+ 42. Kf1 Rh1# 0-1


[Site "https://www.chess.com"]

[Event "Titled Tuesday Blitz August 22 Late 2023"]
[White "Turayev, Shahruh"]
[Black "Glavina, Pablo"]
[WhiteFideId "14003856"]
[BlackFideId "100234"]
[WhiteElo "2632"]
[BlackElo "2523"]
[Result "0-1"]
[Round "5"]
[TimeControl "180+1"]
[Date "2023.08.22"]
[WhiteClock "0:00:07"]
[BlackClock "0:00:03"]
[Board "70"]

1. e4 c6 2. Nc3 d5 3. exd5 cxd5 4. d4 Nc6 5. Bf4 a6 6. Nf3 Bg4 7. Be2 Bxf3 8. Bxf3 e6 9. O-O Bd6 10. Ne2 Bxf4 11. Nxf4 Qf6 12. Nh5 Qxd4 13. Qe2 g6 14. Ng3 Nge7 15. Rad1 Qe5 16. Qd2 O-O 17. c3 Nf5 18. Rfe1 Qf6 19. Qf4 Kg7 20. Qc7 Nxg3 21. hxg3 Rab8 22. Qb6 Ne5 23. Re3 Nc4 24. Qa7 Ra8 25. Qxb7 Nxe3 26. fxe3 Rab8 27. Qxa6 Rxb2 28. a4 Qxc3 29. e4 dxe4 30. Bxe4 Qe3+ 31. Kh2 Qxe4 32. Qf1 Rc8 33. Rd7 Rf8 34. a5 Ra2 35. a6 Qc6 36. Ra7 Qb6 37. Rd7 Qxa6 38. Qf3 Qe2 39. Qb7 h5 40. Re7 Qe5 41. Qb4 Qd5 42. Qc3+ Kg8 43. Kh3 Qxg2+ 44. Kh4 Qe4+ 45. Kg5 Ra4 46. Kh6 Qd4 47. Qf3 Qg7+ 48. Kg5 Rg4+ 49. Qxg4 Qe5+ 50. Kh4 hxg4 51. Kxg4 Qf5+ 52. Kh4 Qf6+ 53. Kg4 Qxe7 54. Kf3 Qb4 55. g4 Kg7 56. Kg3 Ra8 57. Kh4 Ra5 58. Kh3 Rg5 59. Kh4 Qxg4# 0-1


[Site "https://www.chess.com"]

[Event "Titled Tuesday Blitz August 22 Late 2023"]
[White "Shohat, Yotam"]
[Black "Thomforde-Toates, Noah"]
[WhiteFideId "2813955"]
[BlackFideId "30951992"]
[WhiteElo "2442"]
[BlackElo "2625"]
[Result "1-0"]
[Round "5"]
[TimeControl "180+1"]
[Date "2023.08.22"]
[WhiteClock "0:00:09"]
[BlackClock "0:00:14"]
[Board "71"]

1. e4 c5 2. Nf3 g6 3. d4 cxd4 4. Qxd4 Nf6 5. e5 Nc6 6. Qa4 Nd5 7. Qb3 Nb6 8. a4 d6 9. a5 Nd7 10. exd6 exd6 11. Bc4 Nde5 12. Nxe5 Nxe5 13. Bd5 Qc7 14. O-O Bg7 15. f4 Ng4 16. Re1+ Kf8 17. h3 Qc5+ 18. Kh1 h5 19. Bxf7 Nf2+ 20. Kh2 Ng4+ 21. hxg4 hxg4+ 22. Kg3 Bd7 23. Bxg6 d5 24. Qa3 Qxa3+ 25. Rxa3 Bf6 26. Kf2 g3+ 27. Kf3 Kg7 28. f5 Bc6 29. Ke2 Rh2 30. Bf4 Rxg2+ 31. Kd1 Bh4 32. Nd2 d4 33. Be5+ Kh6 34. Bxd4 Rd8 35. Rd3 Rd5 36. b4 Rh2 37. c4 g2 38. cxd5 Ba4+ 39. Kc1 Bxe1 40. Nf3 Rh1 41. Nxe1 Rxe1+ 42. Kd2 g1=Q 43. Bxg1 Rxg1 44. d6 Rd1+ 45. Ke3 Rxd3+ 46. Kxd3 Kg7 47. Kd4 Kf6 48. Kc5 Ke5 49. Bh5 Kf6 50. Bf3 Kxf5 51. Bxb7 Ke6 52. Bc6 Bd1 53. b5 Be2 54. b6 axb6+ 55. axb6 Ba6 56. b7 Bxb7 57. Bxb7 Kd7 58. Bd5 Kd8 59. Kc6 Kc8 60. d7+ Kd8 61. Bc4 Ke7 62. Kc7 Kf6 63. d8=Q+ Ke5 64. Qd5+ Kf4 65. Qe6 Kf3 66. Kd6 Kf2 67. Kd5 Kf3 68. Kd4 Kf2 69. Qe3+ Kg2 70. Qf4 Kg1 71. Ke3 Kg2 72. Qf2+ Kh1 73. Bd5# 1-0


[Site "https://www.chess.com"]

[Event "Titled Tuesday Blitz August 22 Late 2023"]
[White "Andrews, Todd"]
[Black "Hamitevici, Vladimir"]
[WhiteFideId "2012456"]
[BlackFideId "13902393"]
[WhiteElo "2379"]
[BlackElo "2613"]
[Result "1-0"]
[Round "5"]
[TimeControl "180+1"]
[Date "2023.08.22"]
[WhiteClock "0:00:21"]
[BlackClock "0:01:04"]
[Board "72"]

1. e4 e5 2. d4 exd4 3. Qxd4 Nc6 4. Qe3 Nf6 5. c4 Bb4+ 6. Bd2 O-O 7. Nc3 Re8 8. f3 d5 9. cxd5 Nxd5 10. Nxd5 Qxd5 11. Ne2 Qa5 12. Nc3 Bc5 13. Qg5 h6 14. Qg3 Nd4 15. O-O-O Be6 16. Bxh6 g6 17. Qe5 Nb3+ 18. Kb1 Nd2+ 19. Bxd2 Bxa2+ 20. Nxa2 Qxa2+ 21. Kxa2 Rxe5 22. Bc3 Re6 23. Bc4 Re7 24. h4 c6 25. h5 g5 26. h6 Kh7 27. Bd3 1-0


[Site "https://www.chess.com"]

[Event "Titled Tuesday Blitz August 22 Late 2023"]
[White "Vlassov, Nikolai"]
[Black "Hercegovac, Neven"]
[WhiteFideId "4103360"]
[BlackFideId "2839135"]
[WhiteElo "2613"]
[BlackElo "2320"]
[Result "1-0"]
[Round "5"]
[TimeControl "180+1"]
[Date "2023.08.22"]
[WhiteClock "0:00:43"]
[BlackClock "0:00:00"]
[Board "73"]

1. e4 e6 2. c4 d5 3. cxd5 exd5 4. Qb3 dxe4 5. Bc4 Qe7 6. Nc3 Nf6 7. d3 exd3+ 8. Be3 d2+ 9. Kf1 Nc6 10. Bxd2 Be6 11. Re1 O-O-O 12. Bxe6+ fxe6 13. Nf3 e5 14. g3 Qd7 15. Kg2 Bd6 16. Be3 h5 17. h3 h4 18. Nxh4 Nd4 19. Qa4 Qxa4 20. Nxa4 Nc2 21. Re2 Nxe3+ 22. Rxe3 e4 23. Nc3 Bc5 24. Re2 Rhe8 25. Rhe1 Rd4 26. Nf5 Rd7 27. g4 b6 28. Ng3 Rde7 29. Ngxe4 Nxe4 30. Rxe4 Rxe4 31. Rxe4 Rxe4 32. Nxe4 Bd4 33. b3 Kd7 34. f4 a5 35. Kf3 b5 36. f5 a4 37. h4 Kc6 38. g5 Kd5 39. h5 c5 40. f6 gxf6 41. gxf6 Ke6 42. h6 Bxf6 43. bxa4 bxa4 44. Nxc5+ Kd5 45. Nxa4 Kc4 46. Nb6+ Kb4 47. Nd5+ 1-0


[Site "https://www.chess.com"]

[Event "Titled Tuesday Blitz August 22 Late 2023"]
[White "Hakobyan, Aram"]
[Black "Sala, Giulia"]
[WhiteFideId "13306677"]
[BlackFideId "2840451"]
[WhiteElo "2987"]
[BlackElo "2328"]
[Result "1-0"]
[Round "5"]
[TimeControl "180+1"]
[Date "2023.08.22"]
[WhiteClock "0:01:42"]
[BlackClock "0:00:03"]
[Board "74"]

1. d4 Nf6 2. c4 e6 3. Nc3 Bb4 4. e3 d5 5. a3 Bxc3+ 6. bxc3 O-O 7. cxd5 exd5 8. Bd3 c5 9. Ne2 Nc6 10. O-O cxd4 11. cxd4 Be6 12. f3 Re8 13. Bb2 a6 14. Ng3 Rc8 15. Qd2 Na5 16. Rae1 Nc4 17. Bxc4 Rxc4 18. e4 Qc7 19. Rf2 Rc8 20. e5 Ne8 21. f4 Rc2 22. Qe3 Rxf2 23. Qxf2 g6 24. f5 gxf5 25. Nxf5 Bxf5 26. Qxf5 Ng7 27. Qg4 Re8 28. Bc1 Re6 29. Bf4 Rg6 30. Qf3 Ne6 31. Be3 Qc3 32. Rf1 Qc7 33. Qxd5 h5 34. Qf3 h4 35. d5 Ng7 36. e6 fxe6 37. dxe6 Nxe6 38. Bd4 Qe7 39. Qh5 Qh7 40. Qe5 h3 41. Qb8+ Nf8 42. Qxf8# 1-0


[Site "https://www.chess.com"]

[Event "Titled Tuesday Blitz August 22 Late 2023"]
[White "Janaszak, Dawid"]
[Black "Mekhitarian, Krikor Sevag"]
[WhiteFideId "1119206"]
[BlackFideId "2107660"]
[WhiteElo "2508"]
[BlackElo "2843"]
[Result "0-1"]
[Round "5"]
[TimeControl "180+1"]
[Date "2023.08.22"]
[WhiteClock "0:00:01"]
[BlackClock "0:00:02"]
[Board "75"]

1. e4 e6 2. b3 d5 3. Bb2 Nf6 4. d3 dxe4 5. Nd2 Nc6 6. a3 a5 7. dxe4 Bc5 8. Bd3 e5 9. Ngf3 Qe7 10. O-O O-O 11. h3 Rd8 12. Nc4 Nd4 13. Nfxe5 Be6 14. c3 Nb5 15. Qc2 c6 16. b4 axb4 17. axb4 Ba7 18. Kh1 Nh5 19. Bc1 Qf6 20. Be2 Nf4 21. Bxf4 Qxf4 22. Qc1 Qxe4 23. Bf3 Qh4 24. Ne3 Bxh3 25. gxh3 Qxh3+ 26. Kg1 Qe6 27. Bg4 Qxe5 28. c4 Nd4 29. Ra5 Qe7 30. Qa1 Nb3 31. Qe5 Qxe5 32. Rxe5 Bd4 33. Re7 Rab8 34. Nf5 Bf6 35. Rc7 Nd4 36. Nxd4 Rxd4 37. Bc8 Rxc4 38. Bxb7 Rxb4 39. Bxc6 Rc4 40. Rd1 g6 41. Rdd7 Rf8 42. Bd5 Rxc7 43. Rxc7 Kg7 44. Kg2 Be5 45. Ra7 Kf6 46. Ra8 Rxa8 47. Bxa8 Kg5 48. Bd5 f5 49. Bg8 h5 50. Bh7 Kh6 51. Bg8 g5 52. Bf7 g4 53. Be6 Kg5 54. Bd7 h4 55. f3 h3+ 56. Kf2 g3+ 57. Kg1 Bd4+ 58. Kf1 g2+ 0-1


[Site "https://www.chess.com"]

[Event "Titled Tuesday Blitz August 22 Late 2023"]
[White "Bartel, Mateusz"]
[Black "Filgueiras, Nathan Felipe"]
[WhiteFideId "1112635"]
[BlackFideId "2188562"]
[WhiteElo "2836"]
[BlackElo "2501"]
[Result "1-0"]
[Round "5"]
[TimeControl "180+1"]
[Date "2023.08.22"]
[WhiteClock "0:00:14"]
[BlackClock "0:00:00"]
[Board "76"]

1. Nc3 Nf6 2. Nf3 Nc6 3. d4 d5 4. Bf4 a6 5. e3 Bg4 6. h3 Bh5 7. g4 Bg6 8. Nh4 e6 9. Bg2 Bb4 10. Nxg6 hxg6 11. O-O Qe7 12. Ne2 Ne4 13. c3 Bd6 14. Bxd6 Qxd6 15. f4 O-O-O 16. c4 g5 17. Rc1 f5 18. cxd5 exd5 19. gxf5 Rdf8 20. fxg5 Nxg5 21. Nf4 Kb8 22. Qg4 Ne4 23. Ng6 Ng3 24. Nxh8 Nxf1 25. Rxf1 Rxh8 26. Qxg7 Re8 27. f6 Nd8 28. f7 Rf8 29. Bxd5 c6 30. Bb3 Ka7 31. Rf3 Qe7 32. Kg2 Qb4 33. Rf2 Qe7 34. h4 Qd6 35. h5 Qe7 36. h6 Qd7 37. Qxf8 Qg4+ 38. Kf1 Qh3+ 39. Ke2 Qg4+ 40. Kd2 1-0


[Site "https://www.chess.com"]

[Event "Titled Tuesday Blitz August 22 Late 2023"]
[White "Wieczorek, Oskar"]
[Black "Rizzo, Tobias"]
[WhiteFideId "1133950"]
[BlackFideId "30942691"]
[WhiteElo "2741"]
[BlackElo "2498"]
[Result "1-0"]
[Round "5"]
[TimeControl "180+1"]
[Date "2023.08.22"]
[WhiteClock "0:00:49"]
[BlackClock "0:00:00"]
[Board "77"]

1. e4 c5 2. Nf3 e6 3. g3 Nf6 4. e5 Nd5 5. Bg2 Nc6 6. O-O Be7 7. Re1 O-O 8. d4 cxd4 9. Nxd4 Nb6 10. Nb5 f6 11. exf6 Bxf6 12. Nd6 Qe7 13. Be3 Bxb2 14. Nxc8 Raxc8 15. Nd2 Bxa1 16. Qxa1 d5 17. Bxb6 axb6 18. Bxd5 Nd8 19. Bb3 Rc6 20. Ne4 Kh8 21. h4 b5 22. Qd1 Nf7 23. Qh5 Nd6 24. Ng5 g6 25. Qe2 Nf5 26. Qxb5 e5 27. Rxe5 Qd6 28. Qxb7 1-0


[Site "https://www.chess.com"]

[Event "Titled Tuesday Blitz August 22 Late 2023"]
[White "Mickiewicz, Piotr"]
[Black "Haydon, David L"]
[WhiteFideId "1114891"]
[BlackFideId "415405"]
[WhiteElo "2492"]
[BlackElo "2723"]
[Result "1-0"]
[Round "5"]
[TimeControl "180+1"]
[Date "2023.08.22"]
[WhiteClock "0:00:16"]
[BlackClock "0:00:09"]
[Board "78"]

1. c4 Nf6 2. Nf3 b6 3. g3 Bb7 4. Bg2 e6 5. b3 Be7 6. Bb2 c5 7. O-O O-O 8. d4 cxd4 9. Qxd4 Nc6 10. Qf4 d5 11. Rd1 Qe8 12. Nc3 dxc4 13. Qxc4 Rc8 14. Qf4 Nb4 15. Rac1 Nbd5 16. Nxd5 Bxd5 17. Ne5 Rxc1 18. Rxc1 Qa8 19. Nc6 Bxc6 20. Rxc6 Qd8 21. Qd4 Bc5 22. Qxd8 Rxd8 23. Bf3 h6 24. Rc7 a5 25. a4 Nd5 26. Rb7 Nb4 27. Bh5 Rf8 28. Kg2 Nc6 29. e3 Nb4 30. Be2 Rd8 31. Bc3 Nd5 32. Be5 Nf6 33. Rb8 Rxb8 34. Bxb8 Ne4 35. Bc4 Nd2 36. Be5 Kf8 37. g4 f6 38. Bc3 Nxc4 39. bxc4 Kf7 40. h4 f5 41. Kf3 g6 42. h5 Be7 43. Kg3 Bd6+ 44. Kh3 e5 45. f3 e4 46. f4 Bc5 47. Bd2 Kf6 48. Kg3 g5 49. Bc3+ Ke6 50. fxg5 Bxe3 51. g6 f4+ 52. Kh3 f3 53. Kg3 Bc5 54. g5 Bd6+ 55. Kh3 e3 56. gxh6 e2 57. Be1 Be5 58. h7 Kf5 59. Bf2 Kg5 60. g7 Bxg7 61. Kg3 Kxh5 62. Kxf3 Kg6 63. Kxe2 Kxh7 64. Bxb6 Bc3 65. Kd3 Bb4 66. c5 Bxc5 67. Bxc5 Kg6 68. Kc4 Kf7 69. Kd5 Ke8 70. Kc6 Kd8 71. Kb7 Kd7 72. Bb6 Kd6 73. Bxa5 Kc5 74. Bb6+ Kb4 75. a5 Kb5 76. a6 Kc4 77. a7 Kb3 78. a8=Q Kc4 79. Qa5 Kb3 80. Qc5 Ka4 81. Kc6 Kb3 82. Kb5 Ka2 83. Kb4 Kb2 84. Qc3+ Kb1 85. Qd2 Ka1 86. Kb3 Kb1 87. Qd1# 1-0


[Site "https://www.chess.com"]

[Event "Titled Tuesday Blitz August 22 Late 2023"]
[White "Dimitrov, Atanas"]
[Black "Urbina Perez, Juan Antonio"]
[WhiteFideId "2901315"]
[BlackFideId "2217368"]
[WhiteElo "2715"]
[BlackElo "2487"]
[Result "1-0"]
[Round "5"]
[TimeControl "180+1"]
[Date "2023.08.22"]
[WhiteClock "0:00:05"]
[BlackClock "0:00:00"]
[Board "79"]

1. Nf3 d5 2. b3 Bf5 3. Bb2 e6 4. c4 c6 5. e3 Nf6 6. Nc3 h6 7. Be2 Bd6 8. O-O O-O 9. h3 Qe7 10. d3 Ba3 11. Qc1 Bxb2 12. Qxb2 Nbd7 13. b4 a6 14. a4 e5 15. cxd5 cxd5 16. Rac1 Rac8 17. a5 Rc7 18. Na4 Rfc8 19. Rxc7 Rxc7 20. Rb1 Kh7 21. b5 axb5 22. Qxb5 Qa3 23. Bf1 Qa2 24. Rb2 Qa1 25. Rb1 Qa2 26. Qb3 Qxb3 27. Rxb3 Rc1 28. g4 Be6 29. Rb4 Ra1 30. Kg2 g5 31. d4 e4 32. Nd2 Kg7 33. Nb3 Ra2 34. Bb5 h5 35. gxh5 g4 36. hxg4 Nxg4 37. Bxd7 Bxd7 38. Nac5 Rxf2+ 39. Kg1 Bf5 40. Rxb7 Ra2 41. a6 Nxe3 42. a7 Ng4 43. Nc1 Ra1 44. Nb3 Ra3 45. Kg2 e3 46. Kg3 Nf6 47. Kf4 Be6 48. Kxe3 Nxh5 49. Kd3 Nf6 50. Kc3 Ne4+ 51. Kb2 Ra6 52. Nd3 Nd6 53. Rc7 Nc4+ 54. Kc3 Ra3 55. Nc5 1-0


[Site "https://www.chess.com"]

[Event "Titled Tuesday Blitz August 22 Late 2023"]
[White "Diaz Perez, Michel Alejandro"]
[Black "Chernikov, Vladimir"]
[WhiteFideId "3517179"]
[BlackFideId "14112914"]
[WhiteElo "2690"]
[BlackElo "2488"]
[Result "1-0"]
[Round "5"]
[TimeControl "180+1"]
[Date "2023.08.22"]
[WhiteClock "0:00:51"]
[BlackClock "0:00:32"]
[Board "80"]

1. e4 d6 2. d4 Nf6 3. Nc3 e5 4. Nf3 Nbd7 5. Bc4 Be7 6. O-O O-O 7. Re1 c6 8. a4 h6 9. h3 Re8 10. a5 Rb8 11. Be3 b5 12. axb6 axb6 13. d5 cxd5 14. Bxd5 Nc5 15. b4 Nxd5 16. Nxd5 Nd7 17. c4 Bb7 18. Qd3 Nf6 19. Bxb6 Qd7 20. Ra7 Nxd5 21. cxd5 Rec8 22. Rea1 g6 23. Be3 Kg7 24. b5 f5 25. b6 Bd8 26. Qb3 fxe4 27. Nd2 Qf5 28. Nc4 Be7 29. Na5 Qd7 30. Nxb7 Rxb7 31. Rxb7 Qxb7 32. Ra7 Qb8 33. Rxe7+ Kf6 34. Ra7 g5 35. Qb5 g4 36. hxg4 Rg8 37. Qd7 Qf8 38. Qf5# 1-0


[Site "https://www.chess.com"]

[Event "Titled Tuesday Blitz August 22 Late 2023"]
[White "Cuenca Jimenez, Jose Fernando"]
[Black "Sivakumar, Shaashwath"]
[WhiteFideId "2255570"]
[BlackFideId "30912156"]
[WhiteElo "2679"]
[BlackElo "2482"]
[Result "1-0"]
[Round "5"]
[TimeControl "180+1"]
[Date "2023.08.22"]
[WhiteClock "0:01:33"]
[BlackClock "0:00:07"]
[Board "81"]

1. c4 c6 2. e4 d5 3. exd5 cxd5 4. cxd5 Nf6 5. Nc3 Nxd5 6. Nf3 Nc6 7. Bb5 e6 8. O-O Be7 9. d4 O-O 10. Re1 Bd7 11. a3 Rc8 12. Ne4 Nf6 13. Nc3 Qc7 14. Bg5 Rfd8 15. Qe2 Qb6 16. d5 Nxd5 17. Nxd5 exd5 18. Bxc6 1-0


[Site "https://www.chess.com"]

[Event "Titled Tuesday Blitz August 22 Late 2023"]
[White "WindWhistler11"]
[Black "Wu, Derek"]
[BlackFideId "30914558"]
[WhiteElo "2482"]
[BlackElo "2674"]
[Result "1/2-1/2"]
[Round "5"]
[TimeControl "180+1"]
[Date "2023.08.22"]
[WhiteClock "0:00:26"]
[BlackClock "0:00:46"]
[Board "82"]

1. Nf3 Nf6 2. g3 g6 3. Bg2 Bg7 4. d4 O-O 5. b3 c5 6. Bb2 cxd4 7. Nxd4 d5 8. Nf3 Nc6 9. O-O Re8 10. Nbd2 e5 11. e4 dxe4 12. Ng5 e3 13. fxe3 Qb6 14. Nc4 Qc7 15. Qd6 Qxd6 16. Nxd6 Rf8 17. Bxc6 bxc6 18. Bxe5 Nd5 19. Bxg7 Kxg7 20. e4 Ne3 21. Rxf7+ Rxf7 22. Ngxf7 Bh3 23. Ng5 Bg4 24. c3 Rd8 25. e5 h6 26. Nge4 h5 27. Re1 Nd5 28. c4 Nb4 29. Nc5 Nc2 30. Re4 Kg8 31. e6 Rxd6 32. e7 Rd1+ 33. Kf2 Rd2+ 34. Kf1 Rd1+ 35. Kf2 Rd2+ 36. Kg1 Rd1+ 37. Kf2 1/2-1/2


[Site "https://www.chess.com"]

[Event "Titled Tuesday Blitz August 22 Late 2023"]
[White "Hjartarson, Johann"]
[Black "Seletsky, Grigory"]
[WhiteFideId "2300044"]
[BlackFideId "14112191"]
[WhiteElo "2666"]
[BlackElo "2476"]
[Result "1-0"]
[Round "5"]
[TimeControl "180+1"]
[Date "2023.08.22"]
[WhiteClock "0:01:23"]
[BlackClock "0:01:23"]
[Board "83"]

1. c4 c6 2. d4 d5 3. Nc3 Nf6 4. Nf3 a6 5. e3 b5 6. b3 Bg4 7. Be2 Bxf3 8. Bxf3 e6 9. O-O Bb4 10. Bd2 Bxc3 11. Bxc3 O-O 12. a4 bxc4 13. bxc4 Nbd7 14. Qc2 Qe7 15. Rab1 Rfb8 16. h3 h6 17. Ba5 Qa3 18. Bc7 Rxb1 19. Rxb1 Rc8 20. Rb7 Ne4 21. Bxe4 dxe4 22. g3 Nf6 23. Be5 Nd7 24. Rxd7 1-0


[Site "https://www.chess.com"]

[Event "Titled Tuesday Blitz August 22 Late 2023"]
[White "Korchmar, Vasiliy"]
[Black "Toropov, Pavel"]
[WhiteFideId "24131750"]
[BlackFideId "24129178"]
[WhiteElo "2657"]
[BlackElo "2474"]
[Result "1-0"]
[Round "5"]
[TimeControl "180+1"]
[Date "2023.08.22"]
[WhiteClock "0:00:38"]
[BlackClock "0:00:40"]
[Board "84"]

1. e4 e6 2. d4 d5 3. e5 c5 4. c3 Qb6 5. Nf3 Bd7 6. Be2 cxd4 7. cxd4 Bb5 8. O-O Nc6 9. Nc3 Bxe2 10. Qxe2 Nge7 11. Qd3 Nf5 12. Nxd5 exd5 13. Qxf5 Nxd4 14. Nxd4 Qxd4 15. e6 f6 16. Be3 Qe4 17. Qh3 Bd6 18. Rfe1 O-O 19. Bc5 Qf4 20. g3 Qc4 21. Bxd6 Rfe8 22. e7 d4 23. Qe6+ Qxe6 24. Rxe6 Kf7 25. Ree1 Rac8 26. Rad1 Rc2 27. Ba3 b5 28. Rxd4 a5 29. Bd6 Rxb2 30. a3 Rb3 31. h4 h5 32. Kg2 Rc8 33. Re2 Ke8 34. Bc7 1-0


[Site "https://www.chess.com"]

[Event "Titled Tuesday Blitz August 22 Late 2023"]
[White "Pham, Le Thao Nguyen"]
[Black "Fernandez Lopez, Ruben"]
[WhiteFideId "12401226"]
[BlackFideId "24518298"]
[WhiteElo "2646"]
[BlackElo "2473"]
[Result "1-0"]
[Round "5"]
[TimeControl "180+1"]
[Date "2023.08.22"]
[WhiteClock "0:00:21"]
[BlackClock "0:01:13"]
[Board "85"]

1. d4 b6 2. Nf3 Bb7 3. g3 e6 4. Bg2 Nf6 5. O-O Be7 6. c4 O-O 7. Nc3 d5 8. Ne5 Nbd7 9. Bg5 h6 10. Bf4 Qc8 11. cxd5 exd5 12. Rc1 Nxe5 13. dxe5 Ne4 14. Nxd5 Bxd5 15. Qxd5 Nc5 16. Qxa8 Qxa8 17. Bxa8 Rxa8 18. Be3 Ne6 19. Rfd1 Kf8 20. f4 g6 21. g4 c5 22. Rd7 Ke8 23. Rd3 Rc8 24. f5 gxf5 25. gxf5 Ng5 26. f6 Bf8 27. Bxg5 hxg5 28. b3 b5 29. Rd5 a6 30. Kg2 c4 31. bxc4 bxc4 32. Kf3 c3 33. Rc2 Rc4 34. e3 Bb4 35. Rd3 a5 36. a3 g4+ 37. Ke2 Bxa3 38. Rdxc3 Rxc3 39. Rxc3 Bb4 40. Rc4 Kd7 41. Kd3 Ke6 42. Ke4 Bf8 43. Rc6+ Kd7 44. Ra6 Bb4 45. Kf5 Kc7 46. e6 fxe6+ 47. Rxe6 a4 48. Re4 1-0


[Site "https://www.chess.com"]

[Event "Titled Tuesday Blitz August 22 Late 2023"]
[White "Kirillov, Dmitry"]
[Black "Godzwon, Iwo"]
[WhiteFideId "34180572"]
[BlackFideId "21802483"]
[WhiteElo "2470"]
[BlackElo "2636"]
[Result "0-1"]
[Round "5"]
[TimeControl "180+1"]
[Date "2023.08.22"]
[WhiteClock "0:00:00"]
[BlackClock "0:01:12"]
[Board "86"]

1. d4 Nf6 2. Nf3 d5 3. Bg5 Bf5 4. Nbd2 e6 5. e3 Be7 6. c3 c6 7. Be2 Nbd7 8. Nh4 O-O 9. Nxf5 exf5 10. Bd3 Ne4 11. Bxe7 Qxe7 12. O-O g6 13. Re1 h5 14. f3 Nxd2 15. Qxd2 Qg5 16. Rad1 Rae8 17. e4 Qxd2 18. Rxd2 fxe4 19. fxe4 dxe4 20. Rxe4 Rxe4 21. Bxe4 Re8 22. Bf3 Nb6 23. b3 Re3 24. c4 Kf8 25. Kf2 Rc3 26. d5 cxd5 27. cxd5 Nd7 28. Re2 b6 29. h4 Nc5 30. Kg3 Rd3 31. Rc2 Rd4 32. Rc3 Ke7 33. a3 a5 34. Rc1 Kd6 35. Rb1 Rd3 36. b4 axb4 37. axb4 Ne4+ 38. Kf4 Nc3 39. Ra1 Nxd5+ 40. Ke4 Rb3 41. Rd1 Rxb4+ 42. Kd3 Nf4+ 43. Kc3+ Kc5 44. Rd7 Ne6 45. Rxf7 Rxh4 46. Rf6 Nd4 47. Rxg6 Nxf3 48. gxf3 b5 49. Rg5+ Kc6 50. Rf5 Kb6 51. Kb3 Ka5 52. Ka3 Ra4+ 53. Kb3 h4 54. Rh5 Rf4 55. Kb2 Kb4 56. Rh8 Kc4 57. Rc8+ Kd3 58. Rb8 b4 59. Kb3 Ke2 60. Rh8 Kf2 0-1


[Site "https://www.chess.com"]

[Event "Titled Tuesday Blitz August 22 Late 2023"]
[White "Almiron, Antonio"]
[Black "Mindhunter08"]
[WhiteFideId "3701166"]
[WhiteElo "2632"]
[BlackElo "2469"]
[Result "1-0"]
[Round "5"]
[TimeControl "180+1"]
[Date "2023.08.22"]
[WhiteClock "0:00:17"]
[BlackClock "0:00:01"]
[Board "87"]

1. e4 e5 2. Nf3 Nc6 3. Bb5 a6 4. Ba4 Nf6 5. O-O Be7 6. Re1 b5 7. Bb3 d6 8. c3 O-O 9. h3 Nb8 10. d4 Nbd7 11. Nbd2 Bb7 12. Bc2 Re8 13. Nf1 Bf8 14. Ng3 g6 15. Bd2 Bg7 16. Qc1 c5 17. d5 c4 18. b4 a5 19. a4 axb4 20. cxb4 bxa4 21. Bxa4 Qc7 22. Bc3 Rec8 23. Qe3 Nb6 24. Bb5 Rxa1 25. Rxa1 Nbxd5 26. exd5 Nxd5 27. Qc1 Nxc3 28. Qxc3 d5 29. Rc1 d4 30. Qxc4 Qb6 31. Qxc8+ Bxc8 32. Rxc8+ Bf8 33. Bc4 Qxb4 34. Ng5 Qe1+ 35. Kh2 Qxf2 36. Nxf7 Kg7 37. Rc7 e4 38. Ng5+ Kh6 39. Nf7+ Kg7 40. Ne5+ Kh8 41. Rf7 Qc2 42. Rxf8+ Kg7 43. Rf7+ Kh6 44. Ng4+ Kg5 45. Bd5 h5 46. Nxe4+ Qxe4 47. Bxe4 hxg4 48. hxg4 d3 49. Bxd3 Kh4 50. Bxg6 Kg5 51. Bc2 Kh4 52. Rf3 Kg5 53. Rh3 Kf4 54. Rh4 Kg5 55. Kh3 1-0


[Site "https://www.chess.com"]

[Event "Titled Tuesday Blitz August 22 Late 2023"]
[White "Garcia Blanco, Omar"]
[Black "Moore, Nicholas"]
[WhiteFideId "2287153"]
[BlackFideId "4303709"]
[WhiteElo "2631"]
[BlackElo "2466"]
[Result "0-1"]
[Round "5"]
[TimeControl "180+1"]
[Date "2023.08.22"]
[WhiteClock "0:00:08"]
[BlackClock "0:00:13"]
[Board "88"]

1. e4 c5 2. c3 Nf6 3. e5 Nd5 4. d4 cxd4 5. Nf3 e6 6. cxd4 d6 7. Bc4 Be7 8. O-O O-O 9. Bd2 Bd7 10. Nc3 Nxc3 11. Bxc3 Bc6 12. Qe2 Nd7 13. Rad1 Qc7 14. Bd3 dxe5 15. dxe5 Nc5 16. Bb1 Rfd8 17. h4 Rxd1 18. Rxd1 Rd8 19. Nd4 Ba4 20. Rc1 Qb6 21. h5 Be8 22. b3 a6 23. Qe1 Qa7 24. Rd1 Qb8 25. Qe2 Rc8 26. Bb2 Nd7 27. Nf3 Nf8 28. Be4 Bc6 29. Nd4 Bxe4 30. Qxe4 Rd8 31. Rc1 Rd5 32. Nf3 Qd8 33. Kh2 h6 34. Qg4 Nd7 35. Re1 Qb8 36. Re2 Bc5 37. Qg3 Kh8 38. Nd2 Bd4 39. Bxd4 Rxd4 40. Nc4 Rd5 41. Nd6 Kg8 42. Qf4 Nxe5 43. Rxe5 Qxd6 44. Re4 Qxf4+ 45. Rxf4 Rd2 46. Rb4 b5 47. a4 bxa4 48. Rxa4 Rxf2 49. Rxa6 Rf5 50. g4 Rf3 51. Rb6 Kh7 52. Rb7 Kg8 53. Kg2 Rf4 54. Kg3 e5 55. b4 Kf8 56. b5 Rb4 57. Rb8+ Ke7 58. b6 Kf6 59. Kf3 Kg5 60. b7 e4+ 61. Ke3 Kxg4 62. Rg8 Rxb7 63. Rxg7+ Kf5 64. Rh7 Rb3+ 65. Ke2 f6 66. Rxh6 Rh3 67. Rh8 Kf4 68. h6 Rh2+ 69. Kd1 e3 70. h7 f5 71. Kc1 Kf3 72. Rf8 Rxh7 73. Rxf5+ Ke2 74. Re5 Rd7 75. Kc2 Kf2 76. Rf5+ Ke1 77. Re5 e2 78. Kc1 Rc7+ 79. Kb2 Kd2 80. Rd5+ Ke3 81. Re5+ Kd3 82. Re8 Rc4 83. Kb3 Re4 84. Rd8+ Ke3 85. Rc8 e1=Q 86. Rc3+ Qxc3+ 87. Kxc3 Rd4 88. Kb3 Rd8 89. Kb2 Kd3 90. Kb3 Rb8+ 91. Ka3 Kc3 92. Ka4 Rb1 93. Ka5 Kc4 94. Ka6 Kc5 95. Ka7 Kc6 96. Ka8 Kc7 97. Ka7 Ra1# 0-1


[Site "https://www.chess.com"]